 Dungeon Crawl Stone Soup version 0.30.1-11-g7821555f0a (webtiles) character file.

Game seed: 5724600010432214592

153 Peloso the Covered (level 5, 0/47 HPs)
             Began as a Minotaur Fighter on Jan 14, 2024.
             Slain by a worm (6 damage)
             ... on level 4 of the Dungeon.
             The game lasted 00:03:58 (2419 turns).

Peloso the Covered (Minotaur Fighter)               Turns: 2419, Time: 00:03:59

Health: 0/47       AC:  7    Str: 20    XL:     5   Next: 12%
Magic:  4/4        EV:  9    Int:  5    God:
Gold:   216        SH:  5    Dex: 12    Spells: 4/4 levels left

rFire   . . .        a - +0 long sword
rCold   . . .        c - +0 buckler
rNeg    . . .        b - +0 scale mail
rPois   .            (helmet restricted)
rElec   .            (no cloak)
rCorr   .            (no gloves)
SInv    .            (no boots)
Will    .....        (no amulet) Stlth
                     (no ring)
HPRegen 0.27/turn    (no ring)
MPRegen 0.09/turn

%: no passive effects
@: mighty
A: horns 2, retaliatory headbutt
a: no special abilities


You were on level 4 of the Dungeon.
You visited 1 branch of the dungeon, and saw 4 of its levels.

You collected 216 gold pieces.

Inventory:

Hand Weapons
 a - a +0 long sword (weapon)
Armour
 b - a +0 scale mail (worn)
 c - a +0 buckler (worn)
Jewellery
 p - a ring of willpower
 u - a ring of flight
 w - a ring of ice
Wands
 x - a wand of flame (19)
Scrolls
 f - 3 scrolls of identify
 g - 2 scrolls of noise {unknown}
 h - a scroll of poison {unknown}
 i - a scroll of torment {unknown}
 k - a scroll of blinking {unknown}
 m - a scroll of magic mapping {unknown}
 n - a scroll of immolation
 o - a scroll of acquirement {unknown}
 s - a scroll of fog {unknown}
 t - a scroll of teleportation {unknown}
 v - a scroll of silence {unknown}
Potions
 e - a potion of cancellation
 j - a potion of resistance {unknown}
 l - a potion of curing {unknown}
 q - a potion of haste {unknown}
 r - a potion of flight {unknown}


   Skills:
 + Level 4.3 Fighting
 + Level 4.2 Long Blades
 + Level 4.8 Armour
 + Level 0.3 Dodging
 + Level 4.5 Shields


You had 4 spell levels left.
You didn't know any spells.
Your spell library contained the following spells:

 Spells                   Type           Power      Damage    Failure   Level
 Static Discharge         Conj/Air       0%         2-2/arc   95%         2
 Airstrike                Air            0%         2d(0-16)  100%        4
 Summon Lightning Spire   Summ/Air       0%         N/A       100%        4


Dungeon Overview and Level Annotations

Branches:
Dungeon (4/15)
 Temple: D:4-7

Altars:
Dithmenos
Fedhas
Makhleb
Okawaru
Uskayaw

Shops:
D:2 =

Annotations:
D:1 2 runed translucent doors


Innate Abilities, Weirdness & Mutations

You have a pair of horns on your head.
You reflexively headbutt those who attack you in melee.


Message History

Blork the orc shouts!
The worm closely misses you. You furiously retaliate!
You headbutt the worm. You completely miss the worm.
The worm is lightly wounded.
The worm bites you.
You slash the worm!
The worm is severely wounded.
A gnoll comes into view. It is wielding a +0 halberd.
You barely miss the worm.
The worm is severely wounded.
The gnoll shouts!
The worm closely misses you.
A gnoll comes into view. It is wielding a +0 whip.
Blork the orc points at you and mumbles some strange words.
The puff of flame hits you.
You feel very mighty all of a sudden.
The gnoll shouts!
You hear a shout! x2
The worm bites you but does no damage.
You barely miss Blork the orc.
A gnoll comes into view. It is wielding a +0 spear.
Blork the orc hits you with a +1 scimitar of freezing.
Blork the orc freezes you. The worm bites you.
You barely miss Blork the orc.
Blork the orc miscasts a cantrip.
You slash Blork the orc!
Blork the orc is moderately wounded.
A gnoll comes into view. It is wielding a +0 spear.
Blork the orc casts a spell.
Blork the orc seems to speed up.
The worm bites you but does no damage.
The gnoll hits you from afar with a +0 halberd!
Blork the orc points at you and mumbles some strange words.
The magic dart hits you.
* * * LOW HITPOINT WARNING * * *
You slice Blork the orc!! You headbutt Blork the orc!
You kill Blork the orc!
The gnoll hits you from afar with a +0 halberd!
* * * LOW HITPOINT WARNING * * *
A gnoll bouda comes into view. It is wielding a +0 club.
The worm bites you.
You die...

#... ....? ....# #......
... ###....... # #.#
#......... ..
###.####......... ...#
#............##$. .....
##...........##...
......#..#.....##.......
..g.ggg@.##>...# #.....
g.....w...###..## #.....
.......>).##....# ##....
##.###....###..#####....
# ....###....#.......
#...## ####.........
..... #......... ......
#......... #.........


You could see a gnoll bouda (wandering), a worm and 4 gnolls.

Vanquished Creatures
  Blork the orc (D:4)
  An orc priest (D:3)
  A jelly (D:4)
  3 adders
  2 dart slugs
  3 orcs (D:3)
  7 bats
  4 endoplasms
  2 giant cockroaches (D:1)
  6 goblins
  4 hobgoblins
  4 jackals (D:2)
  4 quokkas
  3 ball pythons
  4 frilled lizards
  5 kobolds
  6 rats
60 creatures vanquished.

Notes
Turn   | Place    | Note
-------+----------+-------------------------------------------
     0 | D:1      | Peloso the Minotaur Fighter began the quest for the Orb.
     0 | D:1      | Reached XP level 1. HP: 19/19 MP: 0/0
    36 | D:1      | Found a large runed translucent door.
    38 | D:1      | Found a large runed translucent door.
   109 | D:1      | Reached XP level 2. HP: 27/27 MP: 1/1
   160 | D:1      | Found a faded altar of an unknown god.
   809 | D:2      | Reached XP level 3. HP: 33/33 MP: 2/2
  1207 | D:2      | Found a blossoming altar of Fedhas.
  1338 | D:2      | Found Retoow's Jewellery Emporium.
  1479 | D:3      | Reached XP level 4. HP: 27/40 MP: 3/3
  1753 | D:3      | Found a hide-covered altar of Uskayaw.
  1761 | D:3      | Found a shadowy altar of Dithmenos.
  1799 | D:3      | Found a burning altar of Makhleb.
  2314 | D:4      | Reached XP level 5. HP: 34/47 MP: 4/4
  2392 | D:4      | Found an iron altar of Okawaru.
  2411 | D:4      | Noticed Blork the orc
  2419 | D:4      | Killed Blork the orc
  2419 | D:4      | Slain by a worm

Illustrated notes

Levels and vault maps discovered:
D:1:      erik_arrival_cave_to_civilisation [erik_arrival_cave_to_temple],
          layout_rooms, chequers_ecumenical_altar_twisty
D:2:      layout_loops_ring, serial_shops, nicolae_shop_tiny_glass, basic_altar
D:3:      layout_basic, grunt_dithmenos_smoke, mainiacjoe_overflow_swirl
D:4:      layout_cave_pools, kennysheep_okawaru_gauntlet,
          beargit_hepliaklqana_dungeon_heroes, enter_ossuary_2,
          uniq_blork_the_orc

Skill      XL: |  1  2  3  4 |
---------------+-------------+-----
Fighting       | 4 |  4.3
Shields        | 4 |  4.5
Armour         | 4 |  4.8
Long Blades    | 3 4 |  4.2
Dodging        | |  0.3

Action                     |  1- 3 |  4- 6 || total
---------------------------+-------+-------++-------
  Melee: Long sword        |    86 |    55 ||   141
         Headbutt          |     7 |     4 ||    11
    Use: Potion            |     2 |     1 ||     3
         Scroll            |     1 |     1 ||     2
 Armour: Scale mail        |    48 |    19 ||    67
  Dodge: Dodged            |    49 |    14 ||    63
  Block: Buckler           |    19 |     9 ||    28
